 Dungeon Crawl Stone Soup version 0.21-a0-221-gfe971b9 (webtiles) character file.

93452 motkurip the Lord of Darkness (level 16, 0/112 HPs)
             Began as an Octopode Necromancer on Aug 26, 2017.
             Was the Champion of Kikubaaqudgha.
             Slain by a shock serpent (14 damage)
             ... on level 3 of the Snake Pit.
             The game lasted 01:36:26 (29812 turns).

motkurip the Lord of Darkness (OpNe)               Turns: 29812, Time: 01:36:27

Health: 0/112      AC:  9    Str:  8    XL:     16   Next: 8%
Magic:  20/35      EV: 22    Int: 18    God:    Kikubaaqudgha [******]
Gold:   2293       SH: 13    Dex: 18    Spells: 7/29 levels left

rFire    + + .     SeeInvis .   u - +6 demon blade (venom)
rCold    + + .     Gourm    .   a - +0 buckler
rNeg     . . .     Faith    .   (helmet restricted)
rPois    +         Spirit   .   n - +6 amulet of reflection
rElec    .         Reflect  +   z - ring of magical power
rCorr    .         Harm     .   X - +2 ring of protection
MR       +....                  C - ring of protection from cold
Stlth    +++++.....             R - ring of protection from cold
HPRegen  1.28/turn              U - ring of wizardry
MPRegen  0.24/turn              J - ring of poison resistance
                                w - ring "Oschuz Dao" {+Inv rF++ Stlth+}
                                Y - +6 ring of protection

@: death channel, regenerating, studying Necromancy
A: almost no armour, stealthy swim, amphibious, 8 rings, constrict 8, camouflage
1, gelatinous body 1
a: Receive Corpses, Torment, Renounce Religion, Evoke Invisibility


You were on level 3 of the Snake Pit.
You worshipped Kikubaaqudgha.
Kikubaaqudgha was exalted by your worship.
You were not hungry.

You visited 6 branches of the dungeon, and saw 27 of its levels.
You also visited: Sewer and Ice Cave.

You collected 3397 gold pieces.
You spent 1104 gold pieces at shops.

Inventory:

Hand Weapons
 u - a +6 demon blade of venom (weapon)
Missiles
 s - 3 throwing nets (quivered)
Armour
 a - a +0 buckler (worn)
 A - a +0 shield
Jewellery
 n - a +6 amulet of reflection (around mantle)
 w - the ring "Oschuz Dao" (on tentacle) {+Inv rF++ Stlth+}
   (You found it in an ice cave)

   [ring of stealth]

   It greatly protects you from fire.
   It lets you turn invisible.
   It makes you more stealthy.
 y - an uncursed ring of protection from fire
 z - a ring of magical power (left tentacle)
 C - a ring of protection from cold (on tentacle)
 J - a ring of poison resistance (on tentacle)
 R - a ring of protection from cold (on tentacle)
 U - a ring of wizardry (on tentacle)
 X - a +2 ring of protection (right tentacle)
 Y - a +6 ring of protection (on tentacle)
Wands
 G - a wand of iceblast (8/15)
 I - a wand of digging (8/24)
 V - a wand of digging (12/24)
 W - a wand of acid (6/15)
Scrolls
 c - 6 scrolls of enchant armour
 d - 2 scrolls of amnesia
 e - 10 scrolls of remove curse
 f - 9 scrolls of teleportation
 i - 3 scrolls of fog
 k - 2 scrolls of fear
 l - a scroll of silence
 m - 6 scrolls of identify
 p - 5 scrolls of recharging
 H - a scroll of magic mapping
 N - a scroll of blinking
 Q - a scroll of vulnerability
 T - a scroll of random uselessness {unknown}
Potions
 o - 5 potions of brilliance
 q - 9 potions of curing
 v - 11 potions of might
 x - 6 potions of flight
 B - 3 potions of agility
 D - 2 potions of heal wounds
 E - 2 potions of magic
 F - 2 potions of resistance {unknown}
 L - 2 potions of berserk rage {unknown}
 M - 4 potions of mutation {unknown}
 O - 3 potions of degeneration {unknown}
 S - a potion of invisibility {unknown}
 Z - 4 potions of lignification {unknown}
Books
 g - a book of Unlife

   Spells                             Type                      Level
   a - Recall                         Summoning/Translocation      3
   b - Animate Dead                   Necromancy                   4
   c - Control Undead                 Necromancy                   4
   d - Cigotuvi's Embrace             Necromancy                   5
   e - Death Channel                  Necromancy                   6
   f - Simulacrum                     Ice/Necromancy               6
 h - Kikubaaqudgha's Incunabulum of Evil Rituals
   (Kikubaaqudgha gifted it to you on level 5 of the Dungeon)

   Spells                             Type                      Level
   a - Animate Skeleton               Necromancy                   1
   b - Corpse Rot                     Necromancy                   2
   c - Sublimation of Blood           Necromancy                   2
   d - Regeneration                   Charms/Necromancy            3
   e - Control Undead                 Necromancy                   4
 t - a manual of Necromancy
 P - a Necronomicon

   Spells                             Type                      Level
   a - Haunt                          Necromancy/Summoning         7
   b - Borgnjor's Revivification      Necromancy                   8
   c - Death's Door                   Charms/Necromancy            8
   d - Infestation                    Necromancy                   8
   e - Necromutation                  Transmutation/Necromancy     8
Miscellaneous
 K - a lamp of fire (inert)
Comestibles
 b - 8 bread rations
 j - 28 royal jellies
 r - 7 meat rations


   Skills:
 - Level 11.1 Fighting
   Level 2.4(8.9) Short Blades
 - Level 12.9(13.0) Long Blades
 - Level 11.4 Dodging
 - Level 5.2 Stealth
 * Level 8.5 Shields
 - Level 10.8 Unarmed Combat
 - Level 7.0 Spellcasting
 - Level 13.4 Necromancy


You had 7 spell levels left.
You knew the following spells:

 Your Spells              Type           Power        Failure   Level  Hunger
a - Control Undead        Necr           ######....   1%          4    ####...
c - Dispel Undead         Necr           ######..     1%          5    #####..
d - Death Channel         Necr           ######....   2%          6    #######
k - Animate Skeleton      Necr           N/A          1%          1    None
r - Regeneration          Chrm/Necr      ####......   1%          3    ##.....
v - Vampiric Draining     Necr           ######....   1%          3    ##.....


Dungeon Overview and Level Annotations

Branches:
Dungeon (14/15)            Temple (1/1) D:4            Lair (5/6) D:9
 Shoals (2/4) Lair:4        Snake (3/4) Lair:3        Slime (0/5) Lair:5
    Orc (2/2) D:9             Elf (0/3) Orc:2
 Vaults: D:13-14

Altars:
Fedhas
Gozag
Hepliaklqana
Kikubaaqudgha
Nemelex Xobeh
Okawaru
Qazlal
Ru
Sif Muna
Trog
Uskayaw
Vehumet
Wu Jian
Xom
Yredelemnul
Zin
The Shining One
Beogh

Shops:
D:9 [   D:11 %   Orc:2 :*[(   Shoals:1 (

Annotations:
D:3 exclusion: downstairs
D:8 exclusion: downstairs
D:9 5 runed doors
Lair:5 exclusion: 3 oklob plants
Shoals:2 Nikola


Innate Abilities, Weirdness & Mutations

You cannot wear most types of armour.
You are very stealthy in the water. (Stealth+)
You are amphibious.
You can wear up to eight rings at the same time.
You can use your tentacles to constrict eight enemies at once.
Your skin changes colour to match your surroundings (Stealth+).
Your rubbery body absorbs attacks. (AC +1, EV +1)


Message History

The shock serpent shoots out a bolt of lightning at your spectral black mamba!
The bolt of electricity hits your spectral black mamba.
Your spectral black mamba is destroyed!
Casting: Vampiric Draining
Confirm with . or Enter, or press ? or * to list all spells.
Aiming: Vampiric Draining
Press: ? - help, Shift-Dir - straight line, f/p - shock serpent
Aim: a shock serpent (almost dead, hasn't noticed you)
The shock serpent hisses angrily.
The shock serpent is almost dead.
You feel life coursing into your body.
The shock serpent's electric aura discharges, shocking you!
* * * LOW HITPOINT WARNING * * *
You block the shock serpent's attack.
Your spectral salamander closely misses the shock serpent.
The shock serpent bites you!
* * * LOW HITPOINT WARNING * * *
The shock serpent shocks you!
You die...
Kikubaaqudgha rasps: "You have failed me!
Welcome... death!"

..Z.......(.# #.....
........Z...# #....
....#####...# #...# ###)#
###...# #...# #)# #.....# #...#
###)# #...#%####...# .# Z...#
#...#.ZZ.....# .# #####
#...######Z..####.## #...#
#..Z@........## ###
##...###...S.........#
..####.....##..........)..#####.
...##......Z#.........).........
....#..........................
..............(...............
..........................####
..........................#
........[.................#


You could see a shock serpent, a friendly spectral salamander and a friendly
spectral shock serpent.

Vanquished Creatures
  Donald (Snake:1)
  An orc warlord (Orc:2)
  The ghost of zkyp the Severer, a journeyman HOMo of Gozag (Lair:3)
  A fire dragon (Lair:1)
  5 hydras
  5 naga warriors
  2 ice dragons (IceCv)
  A catoblepas (Shoals:2)
  Erica (Orc:1)
  2 anacondas (Snake:2)
  5 two-headed ogres
  The ghost of tidbits the Blocker, a novice DgWn (D:10)
  9 death yaks
  Sonja (Lair:3)
  3 naga sharpshooters
  2 shock serpents (Snake:2)
  A fire crab (Lair:5)
  A sea snake (Shoals:1)
  3 unseen horrors
  2 deep elf magi
  A harpy (Shoals:1)
  A mana viper (Snake:1)
  A wolf spider zombie (D:10)
  An orc knight (Orc:2)
  3 cyclopes
  3 orc sorcerers (Orc:2)
  An ugly thing (D:13)
  2 manticores (Shoals:1)
  A merfolk siren (Lair:4)
  6 salamanders
  2 centaur zombies
  4 naga magi
  4 spiny frogs
  5 elephants
  14 black mambas
  A guardian serpent (Snake:3)
  An ice statue (IceCv)
  A water nymph (Shoals:1)
  5 komodo dragons
  2 rime drakes (IceCv)
  A queen bee (Lair:5)
  2 meliai (Lair:5)
  2 merfolk (Shoals:1)
  3 trolls
  2 wind drakes
  9 hippogriffs
  9 blink frogs
  4 hornets
  7 dream sheep (Lair:4)
  2 snapping turtles
  A wraith (D:10)
  A shadow (D:13)
  2 wyverns
  4 basilisks
  43 yaks
  A hungry ghost (D:13)
  A warg (Orc:1)
  Edmund (D:5)
  23 nagas
  8 water moccasins
  4 soldier ants (D:11)
  10 porcupines
  A black bear (Lair:1)
  24 ice beasts
  3 sky beasts
  29 orc warriors
  2 phantoms
  12 ogres
  9 crocodiles
  11 centaurs
  20 bullfrogs
  A wyvern zombie (D:9)
  2 scorpions
  A water moccasin skeleton (D:5)
  14 killer bees
  3 wights (D:9)
  7 howler monkeys
  9 crimson imps
  A bullfrog zombie (D:9)
  7 hounds
  4 jellies
  24 orc priests
  5 bullfrog skeletons
  3 centaur skeletons
  3 iguanas
  26 orc wizards
  11 worker ants
  3 hound skeletons
  Robin (D:2)
  2 worker ant zombies
  4 gnolls
  19 adders
  2 river rats (D:6)
  3 shadow imps
  2 oozes
  An adder skeleton (D:6)
  A worm (D:3)
  A dart slug (D:2)
  6 leopard geckos
  81 orcs
  14 giant cockroaches
  2 gnoll zombies (D:4)
  14 goblins
  9 hobgoblins
  12 jackals
  26 kobolds
  3 quokkas
  7 ball pythons
  10 bats
  5 frilled lizards
  A leopard gecko skeleton (D:7)
  A quokka skeleton (D:9)
  11 rats
720 creatures vanquished.

Vanquished Creatures (collateral kills)
  Polyphemus (Shoals:2)
  An anaconda (Snake:2)
  A shock serpent (Snake:3)
  2 satyrs (Shoals:1)
  A death yak (Shoals:2)
  2 naga sharpshooters (Snake:1)
  A naga ritualist (Snake:3)
  2 sea snakes (Shoals:1)
  8 harpies (Shoals:1)
  A salamander (Snake:3)
  A manticore (Shoals:1)
  7 fauns (Shoals:1)
  A guardian serpent (Snake:3)
  8 black mambas
  A merfolk siren (Shoals:1)
  A naga mage (Snake:2)
  A water nymph (Shoals:1)
  2 merfolk (Shoals:1)
  8 nagas
  An orc warrior (Orc:2)
  An ooze (D:1)
  7 orcs (Orc:2)
  2 hobgoblins (D:1)
61 creatures vanquished.

Vanquished Creatures (others)
  An orc wizard (D:7)
  2 orcs
  A bush (Lair:4)
  14 fungi
  38 plants
56 creatures vanquished.

Grand Total: 837 creatures vanquished

Notes
Turn   | Place    | Note
-------+----------+-------------------------------------------
     0 | D:1      | motkurip the Octopode Necromancer began the quest for the Orb.
     0 | D:1      | Reached XP level 1. HP: 11/11 MP: 3/3
     9 | D:1      | Learned a level 1 spell: Animate Skeleton
   266 | D:1      | Reached XP level 2. HP: 15/17 MP: 5/5
  1016 | D:1      | Reached XP level 3. HP: 20/21 MP: 3/6
  1238 | D:1      | Learned a level 3 spell: Vampiric Draining
  1313 | D:2      | Found a bloodstained altar of Trog.
  1594 | D:2      | Noticed Robin
  1708 | D:2      | Killed Robin
  1708 | D:2      | Reached skill level 5 in Necromancy
  1740 | D:2      | Reached XP level 4. HP: 21/27 MP: 4/7
  2277 | D:2      | Reached skill level 1 in Short Blades
  2610 | D:3      | Found a blossoming altar of Fedhas.
  2780 | D:3      | Reached skill level 1 in Fighting
  2780 | D:3      | Reached XP level 5. HP: 22/33 MP: 4/8
  3053 | D:3      | Found an iron altar of Okawaru.
  3257 | D:4      | Noticed an ogre
  3325 | D:4      | Found a staircase to the Ecumenical Temple.
  3542 | D:4      | Reached XP level 6. HP: 39/39 MP: 9/9
  3798 | Temple   | Entered the Ecumenical Temple
  3914 | Temple   | Became a worshipper of Kikubaaqudgha
  3958 | D:4      | Reached skill level 1 in Shields
  4289 | D:4      | Reached XP level 7. HP: 37/45 MP: 10/10
  4596 | D:4      | Learned a level 4 spell: Control Undead
  4637 | D:4      | Found a basalt altar of Yredelemnul.
  4710 | D:5      | Entered Level 5 of the Dungeon
  4736 | D:5      | Reached * piety under Kikubaaqudgha
  4736 | D:5      | Identified Kikubaaqudgha's Incunabulum of Evil Rituals (Kikubaaqudgha gifted it to you on level 5 of the Dungeon)
  4736 | D:5      | Received a gift from Kikubaaqudgha
  4742 | D:5      | Reached skill level 6 in Necromancy
  4752 | D:5      | Reached XP level 8. HP: 42/54 MP: 3/11
  4876 | D:5      | Noticed Edmund
  4888 | D:5      | Killed Edmund
  4933 | D:5      | Reached skill level 5 in Fighting
  5205 | D:5      | Reached skill level 7 in Necromancy
  5227 | D:5      | Found a deep blue altar of Sif Muna.
  5398 | D:5      | Found an ornate altar of the Wu Jian Council.
  5590 | D:6      | Found a glowing drain.
  5618 | Sewer    | Entered a sewer
  6147 | D:6      | Reached XP level 9. HP: 53/62 MP: 11/12
  6198 | D:6      | Reached skill level 8 in Necromancy
  6218 | D:6      | Reached ** piety under Kikubaaqudgha
  6741 | D:6      | Found a bloodstained altar of Trog.
  6741 | D:6      | Found a stormy altar of Qazlal.
  6746 | D:6      | Found a faded altar of an unknown god.
  6748 | D:6      | Found a hide-covered altar of Uskayaw.
  6750 | D:6      | Found a faded altar of an unknown god.
  6987 | D:7      | Reached skill level 5 in Dodging
  7204 | D:7      | Reached skill level 9 in Necromancy
  7356 | D:7      | You fall through a shaft for 2 floors!
  7393 | D:8      | Noticed a two-headed ogre
  7976 | D:8      | Reached *** piety under Kikubaaqudgha
  7976 | D:8      | Identified Kikubaaqudgha's Reference Book on Darkness (Kikubaaqudgha gifted it to you on level 8 of the Dungeon)
  7976 | D:8      | Received a gift from Kikubaaqudgha
  8482 | D:8      | Killed a two-headed ogre
  8482 | D:8      | Reached XP level 10. HP: 39/71 MP: 2/15
  8515 | D:9      | Found a staircase to the Lair.
  8515 | D:9      | Noticed a death yak
  8515 | D:9      | Noticed a death yak
  8515 | D:9      | Noticed a death yak
  8515 | D:9      | Noticed a death yak
  8516 | D:9      | Noticed a death yak
  8516 | D:9      | Noticed a death yak
  8517 | D:9      | Noticed a death yak
  8517 | D:9      | Noticed a death yak
  8532 | D:8      | Learned a level 5 spell: Agony
  8732 | D:8      | Killed a death yak
  8893 | D:8      | Killed a death yak
  9118 | D:8      | Killed a death yak
  9184 | D:9      | Found the +9 staff of Olgreb {rPois}
  9195 | D:9      | Found a runed gate.
  9196 | D:9      | Found a runed door.
  9330 | D:9      | Found a shimmering altar of Xom.
  9355 | D:9      | Found Riyky's Antique Armour Boutique.
  9422 | D:9      | Found a runed door.
  9425 | D:9      | Found a runed gate.
  9888 | D:9      | Killed a death yak
  9888 | D:9      | Reached skill level 5 in Stealth
  9888 | D:9      | Reached XP level 11. HP: 67/77 MP: 8/18
  9971 | D:9      | Learned a level 5 spell: Dispel Undead
  9983 | D:9      | Noticed a two-headed ogre
 10013 | D:9      | Killed a two-headed ogre
 10013 | D:9      | Reached skill level 5 in Spellcasting
 10024 | D:9      | Found a staircase to the Orcish Mines.
 10188 | D:9      | Killed a death yak
 10513 | Lair:1   | Entered Level 1 of the Lair of Beasts
 10601 | Lair:1   | Noticed a fire dragon
 10622 | Lair:1   | Killed a fire dragon
 10622 | Lair:1   | Reached skill level 5 in Unarmed Combat
 11851 | Lair:2   | Reached skill level 10 in Dodging
 11865 | Lair:2   | Reached XP level 12. HP: 49/86 MP: 4/20
 12714 | Lair:2   | Noticed an eight-headed hydra
 12752 | Lair:2   | Killed an eight-headed hydra
 13015 | Lair:2   | Found a hazy altar of Hepliaklqana.
 13533 | Lair:2   | Reached skill level 10 in Fighting
 13538 | Lair:2   | Noticed a four-headed hydra
 13681 | Lair:2   | Killed a four-headed hydra
 13681 | Lair:2   | Reached **** piety under Kikubaaqudgha
 14083 | Lair:3   | Noticed zkyp's ghost (journeyman HOMo)
 14095 | Lair:3   | Killed zkyp's ghost
 14595 | Lair:3   | Noticed a four-headed hydra
 14603 | Lair:3   | Killed a four-headed hydra
 14830 | Lair:3   | Noticed Sonja
 14879 | Lair:3   | Killed Sonja
 15026 | Lair:3   | Found a staircase to the Snake Pit.
 15073 | Lair:3   | Reached XP level 13. HP: 23/93 MP: 0/21
 15506 | Lair:3   | Learned a level 3 spell: Regeneration
 15509 | Lair:3   | Reached skill level 10 in Unarmed Combat
 16406 | Lair:4   | Reached ***** piety under Kikubaaqudgha
 16821 | Lair:4   | Reached skill level 1 in Long Blades
 17241 | Lair:4   | Found a staircase to the Shoals.
 17917 | Lair:5   | Found a staircase to the Slime Pits.
 18035 | Lair:5   | Identified Sif Muna's Volume of Igneous Arcane Weapons
 18254 | Lair:5   | Reached skill level 5 in Long Blades
 19004 | D:9      | Found a runed gate.
 19425 | D:9      | Found a deep blue altar of Sif Muna.
 19530 | D:10     | Entered Level 10 of the Dungeon
 19569 | D:10     | Found a shimmering altar of Xom.
 19588 | D:10     | Found Ysuota's Food Emporium.
 19872 | D:10     | Noticed tidbits's ghost (novice DgWn)
 19881 | D:10     | Killed tidbits's ghost
 20085 | D:10     | Reached XP level 14. HP: 101/101 MP: 22/22
 20187 | D:11     | Found Bic Ceac's Food Shoppe.
 20322 | D:11     | Found a frozen archway.
 20386 | IceCv    | Entered an ice cave
 20637 | IceCv    | Reached ****** piety under Kikubaaqudgha
 21057 | IceCv    | Got a vibrating granite ring
 21059 | IceCv    | Identified the ring "Oschuz Dao" {+Inv rF++ Stlth+} (You found it in an ice cave)
 21442 | D:10     | Reached skill level 10 in Long Blades
 21565 | D:11     | You fall through a shaft for 2 floors!
 22480 | D:13     | Received a gift from Kikubaaqudgha
 22621 | D:13     | Learned a level 6 spell: Death Channel
 23630 | Orc:1    | Entered Level 1 of the Orcish Mines
 23792 | Orc:2    | Entered Level 2 of the Orcish Mines
 23869 | Orc:2    | Found a roughly hewn altar of Beogh.
 23973 | Orc:1    | Noticed Erica
 23983 | Orc:1    | Killed Erica
 24236 | Orc:2    | Reached skill level 10 in Necromancy
 24245 | Orc:2    | Found a roughly hewn altar of Beogh.
 24245 | Orc:2    | Found Faku Bik's Assorted Antiques.
 24644 | Orc:2    | Found a staircase to the Elven Halls.
 24761 | Orc:2    | Noticed an orc warlord
 25383 | Orc:2    | Found Feenup's Antique Weapon Shoppe.
 25384 | Orc:2    | Found a roughly hewn altar of Beogh.
 25391 | Orc:2    | Found Vusoopne's Antique Armour Emporium.
 25455 | Orc:2    | Killed an orc warlord
 25467 | Orc:2    | Reached skill level 11 in Necromancy
 25493 | Orc:2    | Found a roughly hewn altar of Beogh.
 25571 | Orc:2    | Found a roughly hewn altar of Beogh.
 25576 | Orc:2    | Found Ubran's Book Shoppe.
 25598 | Orc:2    | Bought a manual of Necromancy for 1104 gold pieces
 25850 | D:11     | Reached XP level 15. HP: 92/106 MP: 25/25
 26292 | Shoals:1 | Entered Level 1 of the Shoals
 26318 | Shoals:1 | Found Urauzu's Antique Weapon Shoppe.
 26559 | Shoals:1 | Reached skill level 12 in Necromancy
 27076 | Shoals:2 | Noticed Polyphemus
 27099 | Shoals:2 | HP: 3/106 [Polyphemus (31)]
 27105 | Shoals:2 | Killed Polyphemus
 27391 | Shoals:2 | Noticed Nikola
 27465 | Snake:1  | Entered Level 1 of the Snake Pit
 27790 | Snake:1  | Noticed Donald
 27809 | Snake:1  | Killed Donald
 28217 | Snake:1  | Reached skill level 5 in Shields
 28810 | Snake:2  | Reached skill level 13 in Necromancy
 29562 | Snake:3  | Reached XP level 16. HP: 69/112 MP: 14/26
 29586 | Snake:3  | Found a glowing golden altar of the Shining One.
 29812 | Snake:3  | Slain by a shock serpent

Vault maps used:
D:1:      eino_arrival_water_star
D:2:      trog_book, uniq_robin
D:3:      lemuel_round_altar, overflow_temple_1_default, first_bread
D:4:      lemuel_zombie_altar_yredelemnul, minmay_temple_entry_crystal_x
D:5:      kennysheep_mini_moat, lemuel_crystal_altar,
          kennysheep_generic_room_13, uniq_edmund
D:6:      chequers_temple_overflow_minitemple, lightli_sewer_entry_pipes
D:9:      kennysheep_orc_sif_temple, old_standard_altar, dpeg_lair_monsters,
          orc_0_dummy, serial_shops, shop_coins,
          minmay_guarded_unrand_staff_of_olgreb
D:10:     serial_shops, shop, xom_teletrap_fun
D:11:     serial_shops, nicolae_shop_trees, portal_ice_cave_entry_ice_beasts,
          hangedman_pestilent_swarm
D:14:     david_vaults_2, nicolae_trove_entry_path_of_doom, grunt_decor_clamped,
          serial_shops, nicolae_shop_overgrown_old_shop
Temple:   nicolae_temple_figure_eight
Lair:1:   dragon1_lemuel
Lair:2:   basic_altar, hangedman_lair_generics_rect
Lair:3:   minmay_snake_entry_guardpost_medium, infiniplex_staircase_pool_2,
          uniq_sonja
Lair:4:   minmay_shoals_entry_lonely_mermaid, serial_forest,
          infiniplex_forest_lined_2, infiniplex_forest_clump_double,
          infiniplex_forest_straight_3, infiniplex_forest_clump_small,
          infiniplex_forest_end_double, infiniplex_forest_end_double,
          infiniplex_forest_corner_1, infiniplex_forest_clump_double,
          infiniplex_staircase_pool
Lair:5:   minmay_slime_entry_oklob_open, special_room, serial_bayou_crossing
Shoals:1: serial_shops, shop
Shoals:2: uniq_polyphemus, uniq_nikola
Snake:1:  nicolae_snake_squiggles, uniq_donald
Snake:3:  special_room, basic_altar
Orc:1:    uniq_erica
Orc:2:    grunt_orc_community_town_hall, grunt_orc_community_big_house_1,
          grunt_orc_community_big_house_1, grunt_orc_community_house_2,
          grunt_orc_community_house_2, grunt_orc_community_house_2,
          grunt_orc_community_house_3
Sewer:    kennysheep_pipe_town
IceCv:    ice_cave_small_dragons

Skill      XL: |  1  2  3  4  5  6  7  8  9 10 11 12 13 14 15 16 |
---------------+-------------------------------------------------+-----
Stealth        | 3 4 5 |  5.2
Necromancy     | 5 6 7 9 11 13 | 13.4
Short Blades   | 1 2 |  2.4
Fighting       | 1 2 3 6 7 9 10 11 | 11.1
Dodging        | 3 6 8 10 11 | 11.4
Shields        | 3 4 7 8 |  8.5
Spellcasting   | 3 4 5 7 |  7.0
Unarmed Combat | 4 6 9 10 | 10.8
Long Blades    | 8 11 12 | 12.9

Action                   |  1- 3 |  4- 6 |  7- 9 | 10-12 | 13-15 | 16-18 || total
-------------------------+-------+-------+-------+-------+-------+-------++-------
Melee: Unarmed           |    43 |       |       |    95 |   198 |       ||   336
       Constrict         |    17 |    38 |    67 |    49 |   160 |     5 ||   336
       Tentacles         |     8 |    34 |    56 |    92 |   295 |     7 ||   492
       Dagger            |    12 |   148 |    14 |       |       |       ||   174
       Spear             |       |       |   348 |   344 |       |       ||   692
       Punch             |       |       |       |    26 |    95 |     3 ||   124
       Demon blade       |       |       |       |       |   972 |    31 ||  1003
 Cast: Animate Skeleton  |     5 |       |       |       |       |       ||     5
       Pain              |    24 |    29 |    23 |     8 |     2 |       ||    86
       Vampiric Draining |     2 |    14 |    57 |   156 |   273 |     9 ||   511
       Agony             |       |       |       |    27 |    21 |       ||    48
       Dispel Undead     |       |       |       |     6 |     6 |       ||    12
       Death Channel     |       |       |       |       |    36 |     2 ||    38
       Regeneration      |       |       |       |       |    10 |     4 ||    14
Invok: Receive Necronomi |       |       |       |       |     1 |       ||     1
Evoke: Wand              |       |       |       |     4 |     8 |       ||    12
       Lamp of fire      |       |       |       |       |     2 |       ||     2
  Use: Scroll            |     2 |     5 |     6 |     9 |    17 |       ||    39
       Potion            |       |       |     1 |     3 |    10 |       ||    14
 Stab: Sleeping          |    11 |    13 |    29 |    17 |    31 |     1 ||   102
       Distracted        |       |     1 |       |     2 |    11 |     1 ||    15
       Paralysed         |       |       |       |     2 |       |       ||     2
  Eat: Chunk             |     3 |    10 |    18 |    23 |    50 |     1 ||   105
       Fruit             |       |       |     3 |     4 |    19 |       ||    26
       Meat ration       |       |       |       |     3 |     4 |       ||     7
       Royal jelly       |       |       |       |     1 |     2 |       ||     3
Armor: Skin              |     4 |     7 |    10 |     2 |    53 |     2 ||    78
Dodge: Dodged            |    40 |    67 |   125 |   310 |   836 |    21 ||  1399
Block: Other             |     8 |    39 |       |       |       |       ||    47
       Reflection        |     1 |     6 |    10 |     5 |    33 |     2 ||    57
       Buckler           |       |    14 |   171 |   275 |   671 |    15 ||  1146
       Rpst.: Demon blade |       |       |       |       |   153 |     2 ||   155

Table legend:
 A = Spawn XP
 B = Non-spawn XP
 C = Spawn XP percentage of total XP
 D = Spawn monster count
 E = Non-spawn monster count
 F = Spawn count percentage of total count
 G = Total turns spent on level
                    A         B        C        D         E        F      G
               +---------+---------+-------+---------+---------+-------+---------
         Total |   12155 |  121349 |   9.1 |     101 |     683 |  12.9 | 29812
               +---------+---------+-------+---------+---------+-------+---------
           D:1 |       5 |      32 |  13.5 |       4 |      19 |  17.4 |  1297
           D:2 |       7 |      93 |   7.0 |       4 |      32 |  11.1 |  1302
           D:3 |      18 |     108 |  14.3 |       3 |      23 |  11.5 |   819
           D:4 |     170 |     416 |  29.0 |       9 |      19 |  32.1 |  1146
           D:5 |      51 |    1213 |   4.0 |       3 |      20 |  13.0 |   804
           D:6 |       2 |     947 |   0.2 |       1 |      26 |   3.7 |  1003
           D:7 |     181 |     791 |  18.6 |       7 |      22 |  24.1 |   843
           D:8 |     414 |    3955 |   9.5 |      10 |      13 |  43.5 |  1616
           D:9 |    1285 |    5654 |  18.5 |       8 |      27 |  22.9 |  1916
          D:10 |      90 |    4324 |   2.0 |       1 |      17 |   5.6 |   734
          D:11 |      13 |    5727 |   0.2 |       5 |      36 |  12.2 |   714
          D:12 |       0 |    4465 |   0.0 |       0 |      27 |   0.0 |   874
          D:13 |    1082 |    4635 |  18.9 |       4 |      21 |  16.0 |  1229
          D:14 |       0 |     927 |   0.0 |       0 |       6 |   0.0 |    97
        Lair:1 |    1388 |    3571 |  28.0 |       7 |      14 |  33.3 |  1261
        Lair:2 |    2545 |    6221 |  29.0 |      11 |      17 |  39.3 |  2318
        Lair:3 |     669 |    7364 |   8.3 |       3 |      26 |  10.3 |  2069
        Lair:4 |     200 |    9133 |   2.1 |       2 |      31 |   6.1 |  1649
        Lair:5 |     185 |    3609 |   4.9 |       2 |      21 |   8.7 |  1205
      Shoals:1 |     375 |   11695 |   3.1 |       1 |      33 |   2.9 |   765
      Shoals:2 |       0 |    3731 |   0.0 |       0 |       7 |   0.0 |   353
       Snake:1 |     273 |   10870 |   2.4 |       1 |      26 |   3.7 |  1329
       Snake:2 |       0 |    8038 |   0.0 |       0 |      20 |   0.0 |   456
       Snake:3 |     651 |   10030 |   6.1 |       1 |      29 |   3.3 |   562
         Orc:1 |     214 |    2371 |   8.3 |       4 |      23 |  14.8 |   387
         Orc:2 |    2337 |    6491 |  26.5 |      10 |      85 |  10.5 |  1704
         Sewer |       0 |      41 |   0.0 |       0 |      24 |   0.0 |   385
         IceCv |       0 |    4897 |   0.0 |       0 |      19 |   0.0 |   829
               +---------+---------+-------+---------+---------+-------+---------
